TOP OF THE 1ST |
Amarillo ThunderHeads batting - Pitching for Madison Brewers : RHP Justin Post
|
Pitching: RHP Justin Post
|
|
Batting: SHB Jose Ramirez
|
0-0: Called Strike 0-1: Ball 1-1: Swinging Strike 1-2: Foul Ball, location: 2F 1-2: Ball 2-2: Foul Ball, location: 2F 2-2: Foul Ball, location: 2F 2-2: Ball 3-2: Ground out 4-3 (Groundball, 4, EV 88.1 MPH)
|
Batting: LHB Tony Cisneros
|
0-0: Ground out 6-3 (Groundball, 6M, EV 88.1 MPH)
|
Batting: RHB Eric Camillo
|
0-0: Ball 1-0: Called Strike 1-1: Foul Ball, location: 2F 1-2: Ball 2-2: SINGLE (Groundball, 6MD, EV 101.9 MPH)
|
Batting: LHB Thie Hofmann
|
0-0: Ball 1-0: Foul Ball, location: 2F 1-1: Swinging Strike 1-2: 2-RUN HOME RUN (Flyball, 89XD, EV 108.8 MPH), Distance : 434 ft
|
Batting: LHB Mike Gruszewski
|
0-0: Ball 1-0: Ball 2-0: Fly out, F9 (Line Drive, 9, EV 85.6 MPH)
|
Top of the 1st over - 2 runs, 2 hits, 0 errors, 0 left on base; Amarillo 2 - Madison 0 |
BOTTOM OF THE 1ST |
Madison Brewers batting - Pitching for Amarillo ThunderHeads : RHP Chris Marrone
|
Pitching: RHP Chris Marrone
|
|
Batting: RHB Ben Follett
|
0-0: Ball 1-0: Swinging Strike 1-1: Swinging Strike 1-2: Ball 2-2: Foul Ball, location: 2F 2-2: Ball 3-2: Base on Balls
|
Batting: RHB Troy Morin
|
0-0: Called Strike Ben Follett steals 2nd base 0-1: Called Strike 0-2: Ball 1-2: Fly out, F8 (Flyball, 89D, EV 93.8 MPH) Runner from 2nd tags up, SAFE at 3rd, no throw by CF
|
Batting: LHB Bill Kovac
|
0-0: SINGLE (Flyball, 8RS, EV 96.9 MPH) Ben Follett scores
|
Batting: RHB Cory Taylor
|
0-0: Called Strike 0-1: Ball 1-1: Ball 2-1: Fielders Choice at 2nd, 4-6 (Groundball, 4, EV 86.2 MPH)
|
Batting: RHB Tony Coyt
|
0-0: Called Strike 0-1: Foul Ball, location: 2F 0-2: Foul Ball, location: 2F 0-2: Ball 1-2: Ball Cory Taylor steals 2nd base 2-2: Foul Ball, location: 2F 2-2: Foul Ball, location: 2F 2-2: Ball 3-2: Strikes out swinging
|
Bottom of the 1st over - 1 run, 1 hit, 0 errors, 1 left on base; Amarillo 2 - Madison 1 |
TOP OF THE 2ND |
Amarillo ThunderHeads batting - Pitching for Madison Brewers : RHP Justin Post
|
Batting: RHB Jorge Balderama
|
0-0: Swinging Strike 0-1: Foul Ball, location: 2F 0-2: Ball 1-2: Ball 2-2: Strikes out swinging
|
Batting: RHB Jerry Olson
|
0-0: Ball 1-0: Ball 2-0: Called Strike 2-1: Foul Ball, location: 2F 2-2: Ball 3-2: Base on Balls
|
Batting: RHB Eddie Vanderjagt
|
0-0: SINGLE (Groundball, 25, EV 66.9 MPH) (infield hit) Jerry Olson to second
|
Batting: RHB Dennis Underwood
|
0-0: Ball 1-0: Ball 2-0: Fly out, F7 (Flyball, 7LM, EV 100.6 MPH) Runner from 2nd tags up, SAFE at 3rd with throw by LF
|
Batting: SHB Jose Ramirez
|
0-0: Fielders Choice at 2nd, 5-4 (Groundball, 56, EV 95.6 MPH)
|
Top of the 2nd over - 0 runs, 1 hit, 0 errors, 2 left on base; Amarillo 2 - Madison 1 |
BOTTOM OF THE 2ND |
Madison Brewers batting - Pitching for Amarillo ThunderHeads : RHP Chris Marrone
|
Batting: RHB Patrick Foote
|
0-0: Swinging Strike 0-1: Ball 1-1: Foul Ball, location: 2F 1-2: Foul Ball, location: 2F 1-2: Strikes out swinging
|
Batting: RHB Malcolm McCauley
|
0-0: Called Strike 0-1: DOUBLE (Line Drive, 78D, EV 104.4 MPH)
|
Batting: RHB Dave Guevara
|
0-0: Ball 1-0: Swinging Strike 1-1: Ball 2-1: Swinging Strike 2-2: Strikes out looking
|
Batting: LHB Andy Underwood
|
0-0: Foul Ball, location: 2F 0-1: Called Strike 0-2: Strikes out swinging
|
Bottom of the 2nd over - 0 runs, 1 hit, 0 errors, 1 left on base; Amarillo 2 - Madison 1 |
TOP OF THE 3RD |
Amarillo ThunderHeads batting - Pitching for Madison Brewers : RHP Justin Post
|
Batting: LHB Tony Cisneros
|
0-0: Ball 1-0: SINGLE (Flyball, 78S, EV 87.5 MPH)
|
Batting: RHB Eric Camillo
|
0-0: Called Strike 0-1: Swinging Strike 0-2: Ball 1-2: Ball 2-2: Foul Ball, location: 2F 2-2: Ball 3-2: Fly out, F9 (Line Drive, 9D, EV 84.4 MPH)
|
Batting: LHB Thie Hofmann
|
0-0: Ball 1-0: Foul Ball, location: 2F 1-1: Called Strike 1-2: Foul Ball, location: 2F 1-2: Foul Ball, location: 2F 1-2: Strikes out looking
|
Batting: LHB Mike Gruszewski
|
0-0: Ball 1-0: Swinging Strike 1-1: Ground out 4-3 (Groundball, 4, EV 80.0 MPH)
|
Top of the 3rd over - 0 runs, 1 hit, 0 errors, 1 left on base; Amarillo 2 - Madison 1 |
BOTTOM OF THE 3RD |
Madison Brewers batting - Pitching for Amarillo ThunderHeads : RHP Chris Marrone
|
Batting: RHB Ben Follett
|
0-0: Ball 1-0: Ball 2-0: Foul Ball, location: 2F 2-1: Called Strike 2-2: Foul Ball, location: 2F 2-2: Strikes out swinging
|
Batting: RHB Troy Morin
|
0-0: Ball 1-0: Ball 2-0: Swinging Strike 2-1: Foul Ball, location: 2F 2-2: SOLO HOME RUN (Flyball, 78XD, EV 101.9 MPH), Distance : 400 ft
|
Batting: LHB Bill Kovac
|
0-0: Fly out, F9 (Flyball, 89S, EV 90.0 MPH)
|
Batting: RHB Cory Taylor
|
0-0: Swinging Strike 0-1: Ball 1-1: Ball 2-1: Swinging Strike 2-2: Strikes out looking
|
Bottom of the 3rd over - 1 run, 1 hit, 0 errors, 0 left on base; Amarillo 2 - Madison 2 |
TOP OF THE 4TH |
Amarillo ThunderHeads batting - Pitching for Madison Brewers : RHP Justin Post
|
Batting: RHB Jorge Balderama
|
0-0: Ball 1-0: Ground out 6-3 (Groundball, 56, EV 82.5 MPH)
|
Batting: RHB Jerry Olson
|
0-0: Called Strike 0-1: Swinging Strike 0-2: Ball 1-2: Strikes out looking
|
Batting: RHB Eddie Vanderjagt
|
0-0: Ball 1-0: Ball 2-0: Ball 3-0: Base on Balls
|
Batting: RHB Dennis Underwood
|
0-0: Ball 1-0: Foul Ball, location: 2F 1-1: Ball 2-1: Swinging Strike 2-2: Foul Ball, location: 2F 2-2: Foul Ball, location: 2F 2-2: Strikes out swinging
|
Top of the 4th over - 0 runs, 0 hits, 0 errors, 1 left on base; Amarillo 2 - Madison 2 |
BOTTOM OF THE 4TH |
Madison Brewers batting - Pitching for Amarillo ThunderHeads : RHP Chris Marrone
|
Batting: RHB Tony Coyt
|
0-0: Called Strike 0-1: Swinging Strike 0-2: Ground out 4-3 (Groundball, 4, EV 88.1 MPH)
|
Batting: RHB Patrick Foote
|
0-0: Foul Ball, location: 2F 0-1: Swinging Strike 0-2: Ball 1-2: Strikes out swinging
|
Batting: RHB Malcolm McCauley
|
0-0: Ball 1-0: Swinging Strike 1-1: Foul Ball, location: 2F 1-2: Strikes out swinging
|
Bottom of the 4th over - 0 runs, 0 hits, 0 errors, 0 left on base; Amarillo 2 - Madison 2 |
TOP OF THE 5TH |
Amarillo ThunderHeads batting - Pitching for Madison Brewers : RHP Justin Post
|
Batting: SHB Jose Ramirez
|
0-0: Ball 1-0: Foul Ball, location: 2F 1-1: Swinging Strike 1-2: Fly out, F4 (Line Drive, 4D, EV 60.0 MPH)
|
Batting: LHB Tony Cisneros
|
0-0: Ball 1-0: Ground out 4-3 (Groundball, 4S, EV 87.5 MPH)
|
Batting: RHB Eric Camillo
|
0-0: Called Strike 0-1: Ball 1-1: Ball 2-1: Foul Ball, location: 2F 2-2: Ball 3-2: Foul Ball, location: 2F 3-2: SINGLE (Groundball, 6MD, EV 98.1 MPH)
|
Batting: LHB Thie Hofmann
|
0-0: Called Strike 0-1: Foul Ball, location: 2F 0-2: Ball 1-2: SINGLE (Flyball, 89S, EV 83.8 MPH) Eric Camillo to second Runner from 2nd tries for 3rd, SAFE, throw by RF made to third
|
Batting: LHB Mike Gruszewski
|
0-0: Ground out 5-3 (Groundball, 56S, EV 68.8 MPH)
|
Top of the 5th over - 0 runs, 2 hits, 0 errors, 2 left on base; Amarillo 2 - Madison 2 |
BOTTOM OF THE 5TH |
Madison Brewers batting - Pitching for Amarillo ThunderHeads : RHP Chris Marrone
|
Batting: RHB Dave Guevara
|
0-0: Ball 1-0: Called Strike 1-1: Fly out, F9 (Flyball, 9, EV 85.0 MPH)
|
Batting: LHB Andy Underwood
|
0-0: Ground out U3 (Groundball, 34, EV 82.5 MPH)
|
Batting: RHB Ben Follett
|
0-0: Foul Ball, location: 2F 0-1: Swinging Strike 0-2: Ball 1-2: Ball 2-2: Ball 3-2: SINGLE (Groundball, 34S, EV 65.6 MPH) (infield hit)
|
Batting: RHB Troy Morin
|
0-0: Fly out, F3 (Popup, 34S, EV 73.8 MPH)
|
Bottom of the 5th over - 0 runs, 1 hit, 0 errors, 1 left on base; Amarillo 2 - Madison 2 |
TOP OF THE 6TH |
Amarillo ThunderHeads batting - Pitching for Madison Brewers : RHP Justin Post
|
Batting: RHB Jorge Balderama
|
0-0: Foul Ball, location: 2F 0-1: Foul Ball, location: 2F 0-2: Foul Ball, location: 2F 0-2: Ball 1-2: Strikes out swinging
|
Pitching: RHP Noah Peek
|
|
Pinch Hitting: RHB Shi-fu Cuan
|
0-0: Ball 1-0: Foul Ball, location: 2F 1-1: Swinging Strike 1-2: Ball 2-2: Strikes out looking
|
Batting: RHB Eddie Vanderjagt
|
0-0: Ball 1-0: SINGLE (Flyball, 89S, EV 91.9 MPH)
|
Batting: RHB Dennis Underwood
|
0-0: Called Strike 0-1: Ball 1-1: Ball 2-1: Called Strike 2-2: Ball 3-2: Strikes out swinging
|
Top of the 6th over - 0 runs, 1 hit, 0 errors, 1 left on base; Amarillo 2 - Madison 2 |
BOTTOM OF THE 6TH |
Madison Brewers batting - Pitching for Amarillo ThunderHeads : RHP Chris Marrone
|
Now at SS: Shi-fu Cuan
|
|
Batting: LHB Bill Kovac
|
0-0: Ball 1-0: Ball 2-0: Called Strike 2-1: Foul Ball, location: 2F 2-2: Ball 3-2: Strikes out looking
|
Pitching: RHP John Gerdes
|
|
Pinch Hitting: LHB Jackson Wither
|
0-0: Ball 1-0: Ball 2-0: Ball 3-0: Base on Balls
|
Pinch Hitting: LHB Moriaki Saito
|
0-0: Ball Jackson Wither is caught stealing 2nd base 2-6 1-0: SINGLE (Groundball, 4MD, EV 98.1 MPH)
|
Batting: RHB Patrick Foote
|
0-0: DOUBLE (Flyball, 8RXD, EV 94.4 MPH) Moriaki Saito to third Runner from 3rd tries for Home, SAFE, no throw by CF
|
Batting: RHB Malcolm McCauley
|
0-0: Called Strike 0-1: Called Strike 0-2: Ball 1-2: Foul Ball, location: 2F 1-2: Strikes out swinging
|
Bottom of the 6th over - 1 run, 2 hits, 0 errors, 1 left on base; Amarillo 2 - Madison 3 |
TOP OF THE 7TH |
Amarillo ThunderHeads batting - Pitching for Madison Brewers : RHP Noah Peek
|
Now at 3B: Jelani Griffin
|
|
Now in LF: Sammar Wambugu
|
|
Batting: SHB Jose Ramirez
|
0-0: Ball 1-0: Swinging Strike 1-1: Foul Ball, location: 2F 1-2: Strikes out looking
|
Batting: LHB Tony Cisneros
|
0-0: Swinging Strike 0-1: Ball 1-1: Called Strike 1-2: Ball 2-2: Fly out, F8 (Flyball, 8LD, EV 96.2 MPH)
|
Batting: RHB Eric Camillo
|
0-0: Ball 1-0: Ball 2-0: Foul Ball, location: 2F 2-1: Foul Ball, location: 2F 2-2: Ball 3-2: Fly out, F8 (Flyball, 8RM, EV 93.1 MPH)
|
Top of the 7th over - 0 runs, 0 hits, 0 errors, 0 left on base; Amarillo 2 - Madison 3 |
BOTTOM OF THE 7TH |
Madison Brewers batting - Pitching for Amarillo ThunderHeads : RHP John Gerdes
|
Pinch Hitting: RHB Yang-cheng Kui
|
0-0: Called Strike 0-1: Ball 1-1: Ball 2-1: Swinging Strike 2-2: Ball 3-2: Strikes out swinging
|
Batting: LHB Andy Underwood
|
0-0: Ball 1-0: SINGLE (Line Drive, 5D, EV 100.0 MPH)
|
Batting: RHB Ben Follett
|
0-0: Ball 1-0: Foul Ball, location: 2F 1-1: Fly out, F7 (Flyball, 7, EV 82.5 MPH)
|
Pinch Hitting: LHB Danny Roberts
|
0-0: Ball 1-0: Called Strike Andy Underwood is caught stealing 2nd base 2-6
|
Bottom of the 7th over - 0 runs, 1 hit, 0 errors, 0 left on base; Amarillo 2 - Madison 3 |
TOP OF THE 8TH |
Amarillo ThunderHeads batting - Pitching for Madison Brewers : RHP Noah Peek
|
Now at 2B: Bobby Raya
|
|
Now at SS: Alejandro Collazo
|
|
Now in RF: Rick Acevedo
|
|
Batting: LHB Thie Hofmann
|
0-0: Called Strike 0-1: Ball 1-1: Ball 2-1: Foul Ball, location: 2F 2-2: Foul Ball, location: 2F 2-2: Ball 3-2: Base on Balls
|
Batting: LHB Mike Gruszewski
|
0-0: Ball 1-0: Foul Ball, location: 2F 1-1: Swinging Strike 1-2: Fly out, F7 (Line Drive, 7D, EV 88.1 MPH)
|
Batting: RHB Jorge Balderama
|
0-0: Called Strike 0-1: Ball 1-1: Called Strike 1-2: Ball 2-2: Ball 3-2: Strikes out swinging
|
Batting: RHB Shi-fu Cuan
|
0-0: Called Strike 0-1: Ball 1-1: Foul Ball, location: 2F 1-2: Strikes out swinging
|
Top of the 8th over - 0 runs, 0 hits, 0 errors, 1 left on base; Amarillo 2 - Madison 3 |
BOTTOM OF THE 8TH |
Madison Brewers batting - Pitching for Amarillo ThunderHeads : RHP John Gerdes
|
Batting: RHB Bobby Raya
|
0-0: Ball 1-0: Foul Ball, location: 2F 1-1: Foul Ball, location: 2F 1-2: Strikes out looking
|
Batting: LHB Bill Kovac
|
0-0: Ball 1-0: Fly out, F8 (Line Drive, 8LD, EV 88.8 MPH)
|
Batting: RHB Jelani Griffin
|
0-0: Ball 1-0: Called Strike 1-1: Foul Ball, location: 2F 1-2: Ball 2-2: Foul Ball, location: 2F 2-2: Fly out, F6 (Popup, 4M, EV 57.5 MPH)
|
Bottom of the 8th over - 0 runs, 0 hits, 0 errors, 0 left on base; Amarillo 2 - Madison 3 |
TOP OF THE 9TH |
Amarillo ThunderHeads batting - Pitching for Madison Brewers : RHP Noah Peek
|
Pitching: LHP Matt Rhinehart
|
|
Batting: RHB Eddie Vanderjagt
|
0-0: Ball 1-0: Swinging Strike 1-1: Ball 2-1: Ball 3-1: Foul Ball, location: 2F 3-2: Strikes out swinging
|
Pinch Hitting: RHB Ray Travis
|
0-0: Called Strike 0-1: Ball 1-1: Ball 2-1: Ground out 6-3 (Groundball, 56, EV 104.4 MPH)
|
Pinch Hitting: RHB Adrian Quilantan
|
0-0: Ball 1-0: Ball 2-0: Ball 3-0: Called Strike 3-1: Foul Ball, location: 2F 3-2: Strikes out swinging, 2-3 out at first.
|
Top of the 9th over - 0 runs, 0 hits, 0 errors, 0 left on base; Amarillo 2 - Madison 3 |
|